 Dungeon Crawl Stone Soup version 0.22-a0-848-ge9e22a0 (webtiles) character file.

812 Amnesiac the Digger (level 7, -5/46 HPs)
             Began as a Mummy Earth Elementalist on July 26, 2018.
             Was an Initiate of Vehumet.
             Slain by a spatial maelstrom (6 damage)
             ... on level 4 of the Abyss.
             The game lasted 00:09:31 (5398 turns).

Amnesiac the Digger (Mummy Earth Elementalist)      Turns: 5398, Time: 00:09:31

Health: -5/46      AC:  4    Str: 11    XL:     7   Next: 61%
Magic:  0/16       EV: 12    Int: 17    God:    Vehumet [......]
Gold:   518        SH:  0    Dex: 12    Spells: 3/18 levels left

rFire    x . .     SeeInvis .   b - staff of wizardry
rCold    + . .     Gourm    .   (no shield)
rNeg     + + +     Faith    .   c - +0 robe
rPois    ∞         Spirit   +   (no helmet)
rElec    .         Reflect  .   g - +0 cloak
rCorr    +         Harm     .   (no gloves)
MR       .....                  m - +0 pair of boots
Stlth    ++........             d - amulet of guardian spirit
HPRegen  0.15/turn              o - ring of resist corrosion
MPRegen  0.15/turn              (no ring)

@: no status effects
A: no food or potions, fire vulnerability, cold resistance 1, negative energy
resistance 3, torment resistance, unbreathing
a: Renounce Religion


You were on level 4 of the Abyss.
You worshipped Vehumet.
Vehumet was noncommittal.
You were not hungry.

You visited 2 branches of the dungeon, and saw 7 of its levels.
You visited the Abyss 1 time.
You also visited: Ossuary.

You collected 518 gold pieces.

Inventory:

Hand Weapons
 a - a +4 hunting sling of freezing
 w - a +1 dagger of venom
Missiles
 e - 19 sling bullets
 h - 122 stones (quivered)
Armour
 c - a +0 robe (worn)
 g - a +0 cloak (worn)
 k - a +0 buckler
 m - a +0 pair of boots (worn)
Magical Staves
 b - an uncursed staff of wizardry (weapon)
Jewellery
 d - an amulet of guardian spirit (around neck)
 o - a ring of resist corrosion (left hand)
Scrolls
 f - 5 scrolls of identify {!r}
 j - 2 scrolls of immolation {!r}
 n - 3 scrolls of teleportation {!r}
 p - 3 scrolls of magic mapping {!r}


   Skills:
 - Level 1.5 Dodging
 - Level 1.5 Stealth
 + Level 0.3 Shields
 + Level 6.3 Spellcasting
 - Level 0.9 Transmutations
 * Level 6.3 Earth Magic


You had 3 spell levels left.
You knew the following spells:

 Your Spells              Type           Power        Failure   Level  Hunger
a - Stone Arrow           Conj/Erth      ###...       4%          3    N/A
b - Passwall              Tmut/Erth      ###.....     1%          2    N/A
c - Sandblast             Erth           ####..       1%          1    N/A
d - Lee's Rapid Deconstr  Erth           ####......   11%         5    N/A
e - Petrify               Tmut/Erth      ###.....     12%         4    N/A

Your spell library contained the following spells:

 Spells                   Type           Power        Failure   Level  Hunger
 Animate Dead             Necr           N/A          43%         4    N/A
 Recall                   Summ/Tloc      N/A          16%         3    N/A
 Death Channel            Necr           #.........   99%         6    N/A
 Simulacrum               Ice/Necr       #.........   99%         6    N/A
 Borgnjor's Vile Clutch   Necr/Erth      ###.......   34%         5    N/A

Dungeon Overview and Level Annotations

Branches:
Dungeon (6/15)             Temple (1/1) D:6

Altars:
Ashenzari
Cheibriados
Elyvilon
Kikubaaqudgha
Makhleb
Nemelex Xobeh
Qazlal
Ru
Trog
Uskayaw
Vehumet
Wu Jian
Xom
Yredelemnul
Zin
The Shining One

Annotations:
D:3 Torious's ghost, amateur DECj


Innate Abilities, Weirdness & Mutations

You do not eat or drink.
Your flesh is vulnerable to fire.
You are immune to poison.
Your flesh is cold resistant. (rC+)
You are immune to negative energy. (rN+++)
You are immune to unholy pain and torment.
You can survive without breathing.


Message History

The big kobold hits you but does no damage.
You are cast into the Abyss!
To return, you must find a gate leading back.
Killing monsters will force the Abyss to allow you passage.
This branch contains the abyssal rune of Zot.
Found a corrupted altar of Lugonu.
Found 35 gold pieces.
There is a corrupted altar of Lugonu here.
You now have 518 gold pieces (gained 35).
Found a corrupted altar of Lugonu.
Found a gateway leading deeper into the Abyss.
Found 18 stones.
There is a gateway leading deeper into the Abyss here.
h - 122 stones (gained 18)
There is a gateway leading deeper into the Abyss here.
You plunge deeper into the Abyss.
The abyssal rune of Zot can be found at this depth.
Unknown command.
Okay, then.
Memorise Petrify, consuming 4 spell levels and leaving 3?
You start memorising the spell.
You continue memorising. x4
You finish memorising.
Spell assigned to 'e'.
Found a scroll of teleportation.
n - 3 scrolls of teleportation {!r} (gained 1)
An ancient zyme comes into view.
Found a hand axe.
Casting: Stone Arrow (safe; 4% risk of failure)
Confirm with . or Enter, or press ? or * to list all spells.
Aiming: Lee's Rapid Deconstruction (slightly dangerous; 11% risk of failure)
Press: ? - help, Dir - move target cursor A stone wall.
Okay, then.
Press: ? - help, v - describe, . - travel
Here: an ancient zyme (hasn't noticed you)
The floor.
Adjust (i)tems, (s)pells, or (a)bilities?
Adjust which spell?
Okay, then.
Found a gateway leading deeper into the Abyss.
There is a gateway leading deeper into the Abyss here.
You plunge deeper into the Abyss.
The abyssal rune of Zot can be found at this depth.
A spatial maelstrom and a raiju come into view.
Unknown command.
Unknown command.
A spatial vortex comes into view.
Found a hardcover book and 29 stones.
A spatial vortex comes into view.
The spatial vortex moves out of view.
Found 16 gold pieces.
The spatial maelstrom hits you! Space warps horribly around you!
* * * LOW HITPOINT WARNING * * *
The spatial maelstrom hits you.
* * * LOW HITPOINT WARNING * * *
Space bends around you.
* * * LOW HITPOINT WARNING * * *
A spatial vortex comes into view.
You see here a book of Unlife.
You pick up a book of Unlife and begin reading...
You add the spells Recall, Animate Dead, Borgnjor's Vile Clutch, Death Channel and Simulacrum to your library.
The spatial maelstrom hits you!
* * * LOW HITPOINT WARNING * * *
Space bends around you.
You die...

###......#... ..#
....#....##....
#..........#.v#
#.......##.v .#
##......##.##.#
..............#
#..#...#. .#.h#
###..#v.v#### ...#
#........@.(# #..
#..........#....#
.
#............##...
#.........#..... .
##........#......
###..####.$####.
#.# .#. #. ##.


You could see a spatial maelstrom and a spatial vortex (wandering).

Vanquished Creatures
  Edmund (D:5)
  An ogre (D:5)
  A bullfrog (D:5)
  A howler monkey (D:4)
  A jelly (D:5)
  A crimson imp (D:5)
  3 orc wizards (D:4)
  Crazy Yiuf (D:4)
  2 orc priests (D:4)
  8 mummies (Ossuary)
  A howler monkey skeleton (D:4)
  6 adders
  2 oozes
  2 worms (D:3)
  A dart slug (D:1)
  5 leopard geckos
  9 orcs
  A ball python (D:2)
  A giant cockroach (D:4)
  2 gnoll zombies (Ossuary)
  15 goblins
  6 jackals (D:1)
  4 frilled lizards
  2 hobgoblin zombies (Ossuary)
  11 kobolds
  3 kobold zombies (Ossuary)
  An orc zombie (Ossuary)
  2 rats
94 creatures vanquished.

Vanquished Creatures (others)
  2 fungi (D:3)
  2 plants (D:3)
4 creatures vanquished.

Grand Total: 98 creatures vanquished

Notes
Turn   | Place    | Note
-------+----------+-------------------------------------------
     0 | D:1      | Amnesiac the Mummy Earth Elementalist began the quest for the Orb.
     0 | D:1      | Reached XP level 1. HP: 13/13 MP: 4/4
    98 | D:2      | Reached XP level 2. HP: 19/19 MP: 2/5
   103 | D:2      | Learned a level 2 spell: Passwall
   135 | D:2      | Found a hide-covered altar of Uskayaw.
   168 | D:3      | Found a runed gate.
   169 | D:3      | Noticed a big kobold
   169 | D:3      | Noticed Torious's ghost (amateur DECj)
   200 | D:3      | Found a bloodstained altar of Trog.
   284 | D:4      | Found an ornate altar of the Wu Jian Council.
   284 | D:4      | Noticed a howler monkey
   287 | D:4      | Killed a howler monkey
   287 | D:4      | Reached XP level 3. HP: 18/24 MP: 2/7
   340 | D:4      | Reached XP level 4. HP: 28/30 MP: 5/9
   466 | D:4      | Found a runed door.
   506 | D:4      | Noticed Crazy Yiuf
   512 | D:4      | Learned a level 3 spell: Stone Arrow
   516 | D:4      | Killed Crazy Yiuf
   516 | D:4      | Reached XP level 5. HP: 35/35 MP: 3/11
  1530 | D:4      | Reached XP level 6. HP: 41/41 MP: 8/13
  1543 | D:4      | Learned a level 5 spell: Lee's Rapid Deconstruction
  1777 | D:5      | Entered Level 5 of the Dungeon
  1812 | D:5      | Noticed Edmund
  1848 | D:5      | Found a sand-covered staircase.
  1856 | Ossuary  | Entered an ossuary
  1938 | Ossuary  | Reached skill level 5 in Earth Magic
  1942 | Ossuary  | Reached skill level 5 in Spellcasting
  2531 | D:5      | Killed Edmund
  2718 | D:5      | Found a glowing golden altar of the Shining One.
  2803 | D:5      | Reached XP level 7. HP: 45/46 MP: 12/15
  2909 | D:5      | Found a shattered altar of Ashenzari.
  3672 | D:6      | Found a staircase to the Ecumenical Temple.
  3723 | Temple   | Entered the Ecumenical Temple
  3802 | Temple   | Became a worshipper of Vehumet
  5119 | D:3      | Found a runed gate.
  5120 | D:3      | Found a runed gate.
  5202 | D:3      | Found a shimmering altar of Xom.
  5330 | D:3      | Cast into level 2 of the Abyss (big kobold)
  5330 | Abyss:2  | Found a corrupted altar of Lugonu.
  5347 | Abyss:2  | Found a corrupted altar of Lugonu.
  5367 | Abyss:3  | Learned a level 4 spell: Petrify
  5371 | Abyss:3  | Noticed an ancient zyme
  5390 | Abyss:4  | Noticed a spatial maelstrom
  5390 | Abyss:4  | Noticed a raiju
  5393 | Abyss:4  | Noticed a spatial vortex
  5395 | Abyss:4  | Noticed a spatial vortex
  5398 | Abyss:4  | Noticed a spatial vortex
  5398 | Abyss:4  | HP: 1/46 [spatial maelstrom (13)]
  5398 | Abyss:4  | Slain by a spatial maelstrom

Vault maps used:
D:1:      shiori_shiawase, serial_glass, glass_columns_a, glass_columns_a,
          glass_columns_b, glass_columns_c, glass_columns_a, glass_columns_a
D:2:      nicolae_overflow_crystal_walls, minmay_hexomino_c4
D:3:      nicolae_overflow_hidden_temple, brannock_xom_greatest_gift,
          gammafunk_ghost_nasty_kobolds
D:4:      kennysheep_little_box, first_ration, uniq_crazy_yiuf_cottage
D:5:      tso_metal_star, kennysheep_mini_moat,
          lightli_ossuary_entry_decrepit_ruins, minmay_ogre_servants,
          uniq_edmund
D:6:      minmay_temple_entry_grid, serial_shops, nicolae_shop_crystal,
          minmay_strange_pillars, grunt_decor_one_mirror, minivault_19
Temple:   dpeg_chambers_temple
Abyss:3:  evilmike_abyss_exit_6, minivault_19, minivault_19
Abyss:4:  nicolae_abyss_rune_star_stuff
Ossuary:  ossuary_tomb_3

Skill      XL: |  1  2  3  4  5  6  7 |
---------------+----------------------+-----
Earth Magic    | 3 4 5 6 |  6.3
Spellcasting   | 3 4 5 6 |  6.3
Dodging        | |  1.5
Stealth        | |  1.5
Shields        | |  0.3
Transmutations | |  0.9

Action                   |  1- 3 |  4- 6 |  7- 9 || total
-------------------------+-------+-------+-------++-------
Melee: Staff             |       |     2 |       ||     2
       Quarterstaff      |       |    44 |     5 ||    49
 Fire: Hunting sling     |       |       |    79 ||    79
 Cast: Sandblast         |    14 |    31 |       ||    45
       Passwall          |     2 |     1 |       ||     3
       Stone Arrow       |       |    33 |    22 ||    55
       Lee's Rapid Decon |       |       |     2 ||     2
  Use: Scroll            |       |     4 |     5 ||     9
Armor: Robe              |     1 |    11 |     8 ||    20
Dodge: Dodged            |     2 |    38 |    28 ||    68

Table legend:
 A = Spawn XP
 B = Non-spawn XP
 C = Spawn XP percentage of total XP
 D = Spawn monster count
 E = Non-spawn monster count
 F = Spawn count percentage of total count
 G = Total turns spent on level
                    A         B        C        D         E        F      G
               +---------+---------+-------+---------+---------+-------+---------
         Total |       0 |    1161 |   0.0 |       0 |      94 |   0.0 |  5398
               +---------+---------+-------+---------+---------+-------+---------
           D:1 |       0 |      22 |   0.0 |       0 |      11 |   0.0 |   622
           D:2 |       0 |      52 |   0.0 |       0 |      14 |   0.0 |   497
           D:3 |       0 |      50 |   0.0 |       0 |      16 |   0.0 |   699
           D:4 |       0 |     383 |   0.0 |       0 |      21 |   0.0 |  1446
           D:5 |       0 |     497 |   0.0 |       0 |      15 |   0.0 |  1184
           D:6 |       0 |       3 |   0.0 |       0 |       1 |   0.0 |   111
       Ossuary |       0 |     154 |   0.0 |       0 |      16 |   0.0 |   664
               +---------+---------+-------+---------+---------+-------+---------
